 Dungeon Crawl Stone Soup version 0.30-a0-760-g5a9884bb7c (webtiles) character file.

Game seed: 13833939676226342203

146 Atlas the Firebug (level 5, 0/35 HPs)
             Began as a Demonspawn Fire Elementalist on Feb 12, 2023.
             Slain by an orc priest
             ... wielding a +1 dagger of speed
              (4 damage)
             ... on level 3 of the Dungeon.
             The game lasted 00:02:44 (2274 turns).

Atlas the Firebug (Demonspawn Fire Elementalist)    Turns: 2274, Time: 00:02:45

Health: 0/35       AC:  2    Str:  8    XL:     5   Next: 7%
Magic:  7/9        EV: 12    Int: 18    God:
Gold:   70         SH:  0    Dex: 14    Spells: 6/9 levels left

rFire   . . .      SeeInvis .    f - +1 short sword (drain)
rCold   . . .      Faith    .    (no shield)
rNeg    . . .      Spirit   .    a - +0 robe
rPois   .          Reflect  .    (no helmet)
rElec   .          Harm     .    (no cloak)
rCorr   .          Rampage  .    (no gloves)
Will    .....                    (no boots)
Stlth   ++                       (no amulet)
HPRegen 0.25/turn                (no ring)
MPRegen 0.11/turn                (no ring)

@: no status effects
A: demonic touch 1
a: no special abilities


You were on level 3 of the Dungeon.
You visited 1 branch of the dungeon, and saw 3 of its levels.

You collected 70 gold pieces.

Inventory:

Hand Weapons
 f - a +1 short sword of draining (weapon)
Armour
 a - a +0 robe (worn)
Jewellery
 j - an amulet of guardian spirit
Scrolls
 c - 3 scrolls of identify {unknown}
 d - a scroll of fear {unknown}
 i - a scroll of teleportation {unknown}
 k - a scroll of blinking {unknown}
Potions
 e - a potion of heal wounds {unknown}
 g - a potion of berserk rage {unknown}
 h - a potion of ambrosia {unknown}


   Skills:
 + Level 2.2 Dodging
 + Level 2.0 Stealth
 + Level 0.3 Unarmed Combat
 + Level 2.8 Spellcasting
 + Level 2.1 Conjurations
 + Level 4.0 Fire Magic


You had 6 spell levels left.
You knew the following spells:

 Your Spells              Type           Power      Damage    Failure   Level
a - Scorch                Fire           34%        2d6       4%          2
b - Foxfire               Conj/Fire      52%        2x1d6     4%          1

Your spell library contained the following spells:

 Spells                   Type           Power      Damage    Failure   Level
 Inner Flame              Hex/Fire       9%         N/A       22%         3
 Kindle Blastsparks       Fire/Tloc/Air  14%        2d11      28%         3
 Flame Wave               Conj/Fire      13%        2d6       43%         4


Dungeon Overview and Level Annotations

Branches:
Dungeon (2/15)

Altars:


Innate Abilities, Weirdness & Mutations

Your touch may inflict minor irresistible damage on your foes.


Message History

The adder is severely wounded.
The adder bites you but does no damage.
You closely miss the adder.
The adder is severely wounded.
The adder barely misses you.
You completely miss the adder.
The adder is severely wounded.
The adder bites you. The adder bites you but does no damage.
You hit the adder but do no damage.
The adder is severely wounded.
The adder is no longer more vulnerable to fire.
The adder bites you.
You barely miss the adder.
You touch the adder.
You kill the adder!
A kobold comes into view. It is wielding a +0 dagger.
Your Fire Magic skill increases to level 4!
You barely miss the orc priest.
The kobold shouts!
You hear a shout!
The orc priest closely misses you.
Your magical contamination has completely faded away.
You barely miss the orc priest.
The orc priest mumbles some strange prayers to Beogh against you.
Beogh smites you!
You are too injured to fight recklessly!
You are too injured to fight recklessly!
You are too injured to fight recklessly!
You are too injured to fight recklessly!
You are too injured to fight recklessly!
Magic courses through your body.
The orc priest hits you with a +1 dagger of speed.
* * * LOW HITPOINT WARNING * * *
Casting: Scorch (safe; 4% risk of failure)
Confirm with . or Enter, or press ? or * to list all spells.
Flames lash the orc priest.
The orc priest is moderately wounded.
The orc priest's fire resistance burns away.
The orc priest hits you with a +1 dagger of speed.
* * * LOW HITPOINT WARNING * * *
The orc priest hits you with a +1 dagger of speed.
You die...

## #> #.# #.#
#.####
######.)o)#
#......@#.......
#.......##..S...
#.......# ......
#.......# o?...
#.....K.# ....o
#.......# ....
#.......# ....
#.......#
#.......#


You could see an orc priest (combustible) and a kobold.

Vanquished Creatures
  Jessica (D:2)
  Natasha (twice) (D:2 D:1)
  An adder (D:3)
  A dart slug (D:1)
  3 orcs (D:3)
  6 bats
  5 endoplasms
  2 giant cockroaches
  11 hobgoblins
  2 jackals (D:2)
  6 kobolds
  2 quokkas
  3 ball pythons (D:1)
  3 frilled lizards
  5 rats
53 creatures vanquished.

Vanquished Creatures (others)
  169 foxfires
  A fungus (D:2)
  4 plants (D:2)
174 creatures vanquished.

Grand Total: 227 creatures vanquished

Notes
Turn   | Place    | Note
-------+----------+-------------------------------------------
     0 | D:1      | Atlas the Demonspawn Fire Elementalist began the quest for
                  | the Orb.
     0 | D:1      | Reached XP level 1. HP: 13/13 MP: 3/3
   227 | D:1      | Gained mutation: Your touch may inflict minor irresistible
                  | damage on your foes. [demonic ancestry]
   227 | D:1      | Reached XP level 2. HP: 19/19 MP: 0/5
   287 | D:1      | Reached skill level 3 in Fire Magic
   838 | D:1      | Reached XP level 3. HP: 23/24 MP: 4/6
  1878 | D:2      | Noticed Jessica
  1884 | D:2      | Killed Jessica
  1885 | D:2      | Reached XP level 4. HP: 30/30 MP: 1/7
  1885 | D:2      | Noticed Natasha
  1888 | D:2      | Killed Natasha
  1954 | D:2      | Learned a level 2 spell: Scorch
  1988 | D:2      | Found a faded altar of an unknown god.
  2075 | D:2      | Noticed Natasha
  2089 | D:1      | Killed Natasha
  2238 | D:2      | You fall into a shaft and drop 1 floor!
  2264 | D:3      | Reached XP level 5. HP: 27/35 MP: 4/9
  2271 | D:3      | Reached skill level 4 in Fire Magic
  2274 | D:3      | Slain by an orc priest

Illustrated notes

Levels and vault maps discovered:
D:1:      minmay_arrival_split_and_join, layout_loops_cross, minmay_tromino_v4_b
D:2:      layout_rooms, serial_shops, shop, dreamdust_ecumenical_altar_grove,
          uniq_crazy_yiuf_cottage, uniq_robin, uniq_jessica, uniq_natasha
D:3:      layout_basic

Skill      XL: |  1  2  3  4  5 |
---------------+----------------+-----
Fire Magic     | 3 4 |  4.0
Dodging        | 2 |  2.2
Stealth        | 2 |  2.0
Conjurations   | 2 |  2.1
Unarmed Combat | |  0.3
Spellcasting   | |  2.8

Action                     |  1- 3 |  4- 6 || total
---------------------------+-------+-------++-------
  Melee: Unarmed           |    33 |       ||    33
         Touch             |     5 |     5 ||    10
         Short sword       |     6 |    18 ||    24
   Cast: Foxfire           |    83 |    17 ||   100
         Scorch            |       |     4 ||     4
    Use: Potion            |       |     1 ||     1
   Stab: Sleeping          |     1 |       ||     1
 Armour: Robe              |     7 |     5 ||    12
  Dodge: Dodged            |    33 |    10 ||    43

Table legend: (Time is in decaauts)
 A = Elapsed time spent in this place.
 B = Non-inter-level travel time spent in this place.
 C = Inter-level travel time spent in this place.
 D = Time resting spent in this place.
 E = Time spent auto-exploring this place.
 F = Levels seen in this place.
 G = Mean time per level.
                   A        B        C        D        E       F      G
               +--------+--------+--------+--------+--------+-----+--------+
         Total |   2283 |   2200 |     83 |      6 |   1875 |   3 |  761.0 |
       Dungeon |   2283 |   2200 |     83 |      6 |   1875 |   3 |  761.0 |
               +--------+--------+--------+--------+--------+-----+--------+

Top non-repeatable levels by time:
     D:1: 1556 daAuts
     D:2: 691 daAuts
     D:3: 35 daAuts
